[Event "GER-ch Rapid Women 2020"]
[Site "Plochingen"]
[Date "2020.09.19"]
[Round "5.2"]
[White "Muetsch, Annmarie"]
[Black "Frey, Alisa"]
[Result "1-0"]
[ECO "C45"]
[WhiteElo "2226"]
[BlackElo "2087"]
[Annotator "ChessBase"]
[PlyCount "59"]
[EventDate "2020.09.19"]
[EventType "swiss"]
[EventCountry "GER"]
[SourceTitle "playchess.com"]
[Source "ChessBase"]
[SourceQuality "1"]
[TimeControl "900+10"]

1. e4 e5 2. Nf3 Nc6 3. d4 exd4 4. Nxd4 Bc5 5. Nb3 Bb6 6. Nc3 Nf6 7. Qe2 O-O 8. Be3 Bxe3 9. Qxe3 Re8 10. O-O-O Qe7 11. f3 d6 12. g4 a5 13. Bb5 Bd7 14. g5 Nh5 15. Nd5 Qd8 16. Kb1 Nb4 17. Nxb4 Bxb5 18. Nd5 Bc4 19. Qc3 b5 20. Nd4 c5 21. Nf5 Bxd5 22. Rxd5 b4 23. Qd2 c4 24. Rxd6 Qc8 25. Qd5 Nf4 26. Qd4 Nh5 27. Rd7 Ra6 28. Ne7+ Rxe7 29. Rxe7 c3 30. Qc4 1-0

[Event "GER-ch Rapid Women 2020"]
[Site "Plochingen"]
[Date "2020.09.19"]
[Round "5.3"]
[White "Gheng, Simona"]
[Black "Zeller, Elisa"]
[Result "0-1"]
[ECO "C07"]
[WhiteElo "2014"]
[BlackElo "1969"]
[Annotator "NA"]
[PlyCount "172"]
[EventDate "2020.09.19"]
[EventType "swiss"]
[EventCountry "GER"]
[SourceTitle "playchess.com"]
[Source "ChessBase"]
[SourceQuality "1"]
[TimeControl "900+10"]

1. e4 e6 2. d4 d5 3. Nd2 c5 4. exd5 Qxd5 5. Ngf3 cxd4 6. Bc4 Qd7 7. O-O Nc6 8. Nb3 Nf6 9. Nbxd4 Nxd4 10. Nxd4 a6 11. Re1 b5 12. Bb3 Bc5 13. Be3 Bxd4 14. Bxd4 O-O 15. Qf3 Bb7 16. Qf4 Nd5 17. Qe5 Nf6 18. Rad1 Qc6 19. f3 Rfd8 20. c3 Ne8 21. Qh5 Qc7 22. Bc2 g6 23. Qh6 Bd5 24. Re5 f6 25. Rxd5 exd5 26. Re1 Qg7 27. Qf4 Qf7 28. h4 Nc7 29. Bb6 Ne6 30. Qg4 f5 31. Qg3 Rd7 32. Qe5 Re8 33. Rd1 Nd8 34. Qg3 Nc6 35. Bb3 Ne7 36. Bd4 f4 37. Qg5 Nf5 38. Qxf4 Nxd4 39. Qxd4 Red8 40. a4 bxa4 41. Qxa4 Qf6 42. Qa5 Kg7 43. Rd4 Qf5 44. Qa1 Qe5 45. Qxa6 Qe1+ 46. Kh2 Qe5+ 47. f4 Qh5 48. Kh3 Re8 49. Qc6 Qf5+ 50. Kh2 Red8 51. Bd1 Qf6 52. Qxf6+ Kxf6 53. g4 Rb8 54. b4 Ra8 55. Bf3 Ra3 56. g5+ Kg7 57. Bg4 Re7 58. Rxd5 Rxc3 59. b5 Rc2+ 60. Kg3 Re3+ 61. Bf3 Rcc3 62. Rd7+ Kf8 63. Rxh7 Rxf3+ 64. Kg2 Rfd3 65. Kf2 Rf3+ 66. Ke2 Rxf4 67. b6 Rb4 68. Kd2 Rcb3 69. h5 gxh5 70. Rxh5 Rxb6 71. Kc2 Rg3 72. Kd2 Rb2+ 73. Kc1 Rf2 74. Rh1 Rxg5 75. Rd1 Rgg2 76. Re1 Re2 77. Rf1+ Ke7 78. Rd1 Ke6 79. Kb1 Ke5 80. Ka1 Ke4 81. Kb1 Rb2+ 82. Ka1 Rgd2 83. Re1+ Kd3 84. Rh1 Ra2+ 85. Kb1 Rdb2+ 86. Kc1 Ra1+ 0-1

[Event "GER-ch Rapid Women 2020"]
[Site "Plochingen"]
[Date "2020.09.19"]
[Round "5.4"]
[White "Mundt, Alexandra"]
[Black "Voicu-Jagodzinsky, Carmen"]
[Result "0-1"]
[ECO "B34"]
[WhiteElo "1786"]
[BlackElo "2247"]
[Annotator "NA"]
[PlyCount "84"]
[EventDate "2020.09.19"]
[EventType "swiss"]
[EventCountry "GER"]
[SourceTitle "playchess.com"]
[Source "ChessBase"]
[SourceQuality "1"]
[TimeControl "900+10"]

1. e4 c5 2. Nf3 Nc6 3. d4 cxd4 4. Nxd4 g6 5. Nc3 Bg7 6. Be3 Nf6 7. Be2 O-O 8. Qd2 d5 9. exd5 Nxd5 10. Nxc6 bxc6 11. Nxd5 cxd5 12. c3 Bb7 13. Bd4 e5 14. Bc5 Re8 15. O-O Qh4 16. Bf3 Red8 17. g3 Qf6 18. Bg2 a5 19. Rad1 Bc6 20. Be3 Qe6 21. Rfe1 a4 22. Bb6 Rd7 23. Qe2 Rb8 24. Be3 Bb5 25. Qc2 Qc6 26. Rd2 Bc4 27. a3 Rdb7 28. Qc1 Rb5 29. Red1 Qb7 30. Qa1 e4 31. Bd4 Bd3 32. Bxg7 Kxg7 33. Bf1 Bxf1 34. Kxf1 e3 35. fxe3 d4 36. cxd4 Qh1+ 37. Ke2 Qxh2+ 38. Kf3 Rf5+ 39. Ke4 Qxg3 40. b4 Re8+ 41. Kd3 Qxe3+ 42. Kc2 Qb3+ 0-1

[Event "GER-ch Rapid Women 2020"]
[Site "Plochingen"]
[Date "2020.09.19"]
[Round "5.5"]
[White "Osmanodja, Filiz"]
[Black "Stangl, Anita"]
[Result "1-0"]
[ECO "C11"]
[WhiteElo "2256"]
[BlackElo "2005"]
[Annotator "NA"]
[PlyCount "57"]
[EventDate "2020.09.19"]
[EventType "swiss"]
[EventCountry "GER"]
[SourceTitle "playchess.com"]
[Source "ChessBase"]
[SourceQuality "1"]
[TimeControl "900+10"]

1. e4 e6 2. d4 d5 3. Nc3 Nf6 4. e5 Nfd7 5. f4 c5 6. Nf3 Nc6 7. Be3 Qb6 8. Na4 Qa5+ 9. c3 cxd4 10. b4 Nxb4 11. cxb4 Bxb4+ 12. Bd2 Bxd2+ 13. Nxd2 b5 14. Nb2 Qc3 15. Nd3 Nb6 16. Kf2 Nc4 17. Nb3 Ne3 18. Qd2 Nc4 19. Qe2 Nxe5 20. fxe5 Qc7 21. Rc1 Qb6 22. Ndc5 f6 23. Qxb5+ Ke7 24. exf6+ gxf6 25. Nxd4 Qd6 26. g3 e5 27. Qb7+ Bxb7 28. Nf5+ Kd8 29. Nxb7+ 1-0

[Event "GER-ch Rapid Women 2020"]
[Site "Plochingen"]
[Date "2020.09.19"]
[Round "5.6"]
[White "Birkholz, Olga"]
[Black "Wulf, Constanze"]
[Result "1-0"]
[ECO "B20"]
[WhiteElo "2018"]
[BlackElo "1817"]
[Annotator "NA"]
[PlyCount "77"]
[EventDate "2020.09.19"]
[EventType "swiss"]
[EventCountry "GER"]
[SourceTitle "playchess.com"]
[Source "ChessBase"]
[SourceQuality "1"]
[TimeControl "900+10"]

1. e4 c5 2. g3 d6 3. Bg2 Nc6 4. b3 Nf6 5. Bb2 g6 6. Nc3 Bg7 7. Nge2 Bd7 8. Nd5 e6 9. Ne3 Qc7 10. O-O h5 11. d4 cxd4 12. Nxd4 Nxd4 13. Bxd4 O-O 14. Qd3 Rfd8 15. Rad1 Bc6 16. c4 a5 17. f4 Rab8 18. Qc3 Ne8 19. e5 Bxg2 20. Nxg2 d5 21. cxd5 Qxc3 22. Bxc3 Rxd5 23. Rxd5 exd5 24. Rd1 Nc7 25. Bxa5 b6 26. Bb4 Bf8 27. Bd6 Rb7 28. Ne3 Nb5 29. Bxf8 Kxf8 30. Rxd5 Nc3 31. Rd8+ Ke7 32. Ra8 Rd7 33. Nc4 b5 34. Nd6 Rc7 35. Kf2 Ke6 36. Ke3 b4 37. Ra6 Kd7 38. Nc4 Nd5+ 39. Kd4 1-0

[Event "GER-ch Rapid Women 2020"]
[Site "Plochingen"]
[Date "2020.09.21"]
[Round "6.6"]
[White "Wulf, Constanze"]
[Black "Morio, Estelle"]
[Result "1-0"]
[ECO "B07"]
[WhiteElo "1817"]
[BlackElo "1837"]
[Annotator "NA RC"]
[PlyCount "63"]
[EventDate "2020.09.19"]
[EventType "swiss"]
[EventCountry "GER"]
[SourceTitle "playchess.com"]
[Source "ChessBase"]
[SourceQuality "1"]
[TimeControl "900+10"]

1. e4 d6 2. d4 Nf6 3. Nc3 Nbd7 4. g4 h6 5. Be3 e5 6. f3 {[%emt 0:00:16] B07: Pirc Defence: Miscellaneous Systems.} c6 7. Qd2 b5 8. O-O-O {[%emt 0:00:09] [#]} a5 $146 (8... Qa5 $11) ({Predecessor:} 8... b4 9. Nce2 Qa5 10. Kb1 d5 11. Ng3 dxe4 12. Bc4 Nb6 13. Bb3 Be7 14. dxe5 Qxe5 {1-0 (24) Dutreeuw,M (2384)-Manouck,T (2342) Paris 2006}) 9. h4 Be7 10. Nh3 a4 11. g5 hxg5 (11... Nh5 $1 $14) 12. hxg5 Nh5 13. Nf2 g6 14. Bh3 Rb8 15. Bg4 Nb6 16. dxe5 Nc4 {[%emt 0:02:09] Double Attack} 17. Qd4 c5 18. Qd3 Nxe5 19. Qe2 Bxg5 20. Kb1 $16 (20. Bxc8 $18 Bxe3+ 21. Qxe3 Qxc8 22. Ng4) 20... Bxe3 21. Qxe3 Qf6 22. Bxh5 Rxh5 23. Rxh5 gxh5 24. f4 Ng4 25. Nxg4 hxg4 26. e5 dxe5 27. fxe5 Qc6 28. Qg5 Qc7 29. Nd5 Qb7 30. Nf6+ Ke7 31. Nh7+ Ke8 32. Qd8# 1-0

[Event "GER-ch Rapid Women 2020"]
[Site "Plochingen"]
[Date "2020.09.20"]
[Round "8.1"]
[White "Paehtz, Elisabeth"]
[Black "Voicu-Jagodzinsky, Carmen"]
[Result "1-0"]
[ECO "B23"]
[WhiteElo "2472"]
[BlackElo "2247"]
[Annotator "ChessBase"]
[PlyCount "127"]
[EventDate "2020.09.19"]
[EventType "swiss"]
[EventCountry "GER"]
[SourceTitle "playchess.com"]
[Source "ChessBase"]
[SourceQuality "1"]
[TimeControl "900+10"]

1. e4 c5 2. Nc3 Nc6 3. Bb5 g6 4. Bxc6 dxc6 5. d3 Bg7 6. f4 e5 7. Nf3 exf4 8. Bxf4 h6 9. Qd2 g5 10. Bg3 Ne7 11. h4 g4 12. Ng1 Ng6 13. h5 Ne5 14. Nge2 Be6 15. Bh4 Qd6 16. Qf4 Bd7 17. O-O O-O 18. Bf6 Bxf6 19. Qxf6 Qxf6 20. Rxf6 Kg7 21. Rf4 a5 22. Na4 Rae8 23. Nxc5 Bc8 24. Ng3 b6 25. Na4 b5 26. Nc5 Rd8 27. Raf1 f6 28. b3 b4 29. Ne2 Rde8 30. d4 Nd7 31. Rxg4+ Kh7 32. Nxd7 Bxd7 33. Rgf4 f5 34. Ng3 Rg8 35. Nxf5 Bxf5 36. exf5 Re2 37. R1f2 Re1+ 38. Kh2 Rg5 39. g4 Kg7 40. Kg3 Kf7 41. Kf3 Rg8 42. Re2 Rf1+ 43. Kg3 Rg1+ 44. Kh3 Rh1+ 45. Kg2 Ra1 46. Rfe4 Rxa2 47. Kf3 Rd8 48. Re7+ Kf8 49. R7e6 Rxd4 50. Rxh6 Ra1 51. Rf6+ Kg7 52. Rxc6 Rf1+ 53. Kg2 Rff4 54. Rg6+ Kf7 55. Kg3 Rf1 56. h6 Rd8 57. h7 Rg1+ 58. Rg2 Re1 59. Rh2 Re3+ 60. Kf4 Ree8 61. Re6 Rh8 62. g5 Rd4+ 63. Re4 Rd1 64. g6+ 1-0

[Event "GER-ch Rapid Women 2020"]
[Site "Plochingen"]
[Date "2020.09.20"]
[Round "8.2"]
[White "Muetsch, Annmarie"]
[Black "Osmanodja, Filiz"]
[Result "1/2-1/2"]
[ECO "B23"]
[WhiteElo "2226"]
[BlackElo "2256"]
[Annotator "ChessBase"]
[PlyCount "218"]
[EventDate "2020.09.19"]
[EventType "swiss"]
[EventCountry "GER"]
[SourceTitle "playchess.com"]
[Source "ChessBase"]
[SourceQuality "1"]
[TimeControl "900+10"]

1. e4 c5 2. Nc3 d6 3. d4 cxd4 4. Qxd4 a6 5. b3 Nc6 6. Qd2 Nf6 7. Bb2 e5 8. Nge2 Be7 9. g3 O-O 10. Bg2 Ng4 11. Nd5 Bg5 12. f4 exf4 13. gxf4 Bh6 14. Qc3 Ne7 15. Nxe7+ Qxe7 16. Qg3 f5 17. h3 Nf6 18. e5 dxe5 19. Bxe5 Nd7 20. Bd4 Re8 21. Bf3 Qd6 22. Rd1 Qxf4 23. Qxf4 Bxf4 24. Bd5+ Kh8 25. Kf2 Be5 26. Be3 Nf6 27. Bf3 Ne4+ 28. Kg2 Be6 29. Nf4 Bxf4 30. Bxf4 Rac8 31. c4 b5 32. Bxe4 fxe4 33. cxb5 Rc2+ 34. Kg3 axb5 35. Rhe1 Bf5 36. Rd5 Bg6 37. Rxb5 Rxa2 38. Rb7 Rb2 39. b4 h5 40. h4 Rb3+ 41. Re3 Rb1 42. b5 Rg1+ 43. Kh2 Rf1 44. Kg3 Rg1+ 45. Kh2 Rf1 46. Kg3 Rf8 47. Be5 R8f3+ 48. Rxf3 Rxf3+ 49. Kg2 Bf7 50. b6 Rf5 51. Rb8+ Kh7 52. b7 Rxe5 53. Rh8+ Kxh8 54. b8=Q+ Re8 55. Qf4 Kg8 56. Qe3 Bg6 57. Qb3+ Kh7 58. Kf2 e3+ 59. Ke2 Re4 60. Qb5 Re8 61. Qg5 Re4 62. Qb5 Rxh4 63. Kxe3 Rh1 64. Qd5 Re1+ 65. Kf2 Re4 66. Kg3 Rg4+ 67. Kh3 Kh6 68. Qd2+ Kh7 69. Qd5 Ra4 70. Qg5 Ra3+ 71. Kh4 Ra1 72. Qd5 Re1 73. Kh3 Re2 74. Kg3 Kh6 75. Qc5 Re1 76. Qd4 Re4 77. Qd2+ Kh7 78. Qd5 Rg4+ 79. Kh3 Rf4 80. Kg3 Rb4 81. Kh3 Rb2 82. Kg3 Kh6 83. Qd4 Rb3+ 84. Kh4 Rd3 85. Qf4+ Kh7 86. Kg5 Rd1 87. Qf3 Rg1+ 88. Kh4 Rg4+ 89. Kh3 Be4 90. Qf2 Kh6 91. Qd2+ Kg6 92. Qd6+ Kh7 93. Qe5 Bg2+ 94. Kh2 Kh6 95. Qe3+ Rg5 96. Qf4 Kg6 97. Qd6+ Kh7 98. Qf4 Kh6 99. Qd6+ Rg6 100. Qf4+ Rg5 101. Qd6+ Kh7 102. Qf4 Rg4 103. Qf5+ Kh6 104. Qe6+ Kg5 105. Qe5+ Kh6 106. Qe3+ Kh7 107. Qe5 Kh6 108. Qe3+ Rg5 109. Qf4 Kg6 1/2-1/2

[Event "GER-ch Rapid Women 2020"]
[Site "Plochingen"]
[Date "2020.09.20"]
[Round "8.3"]
[White "Gheng, Simona"]
[Black "Papp, Sarah"]
[Result "1-0"]
[ECO "C03"]
[WhiteElo "2014"]
[BlackElo "2327"]
[Annotator "ChessBase"]
[PlyCount "87"]
[EventDate "2020.09.19"]
[EventType "swiss"]
[EventCountry "GER"]
[SourceTitle "playchess.com"]
[Source "ChessBase"]
[SourceQuality "1"]
[TimeControl "900+10"]

1. e4 e6 2. d4 d5 3. Nd2 Be7 4. c3 c5 5. exd5 Qxd5 6. Ngf3 Nf6 7. Bc4 Qh5 8. Nf1 cxd4 9. Ng3 Qc5 10. Qxd4 Nc6 11. Qxc5 Bxc5 12. O-O O-O 13. Bg5 h6 14. Bxf6 gxf6 15. Ne4 Be7 16. Rad1 Na5 17. Bb5 a6 18. Be2 e5 19. Nd6 Be6 20. b4 Rfd8 21. Ne4 Nc4 22. Rfe1 Rac8 23. Rxd8+ Rxd8 24. h3 a5 25. g4 Ra8 26. Bxc4 Bxc4 27. a3 Rd8 28. bxa5 h5 29. Nh4 hxg4 30. Nf5 Kf8 31. hxg4 Be6 32. Rb1 Bd5 33. f3 Ra8 34. Nxe7 Kxe7 35. Rb5 Bc6 36. Rc5 Rg8 37. Kf2 Bxe4 38. fxe4 Rxg4 39. Rc7+ Ke6 40. Rxb7 Rxe4 41. Rb6+ Kf5 42. Rb4 Rxb4 43. cxb4 Ke6 44. a6 1-0

[Event "GER-ch Rapid Women 2020"]
[Site "Plochingen"]
[Date "2020.09.20"]
[Round "8.4"]
[White "Frey, Alisa"]
[Black "Skibbe, Diana"]
[Result "0-1"]
[ECO "C42"]
[WhiteElo "2087"]
[BlackElo "1991"]
[Annotator "ChessBase"]
[PlyCount "66"]
[EventDate "2020.09.19"]
[EventType "swiss"]
[EventCountry "GER"]
[SourceTitle "playchess.com"]
[Source "ChessBase"]
[SourceQuality "1"]
[TimeControl "900+10"]

1. e4 e5 2. Nf3 Nf6 3. Nc3 d6 4. Bc4 Be7 5. d3 c6 6. a4 h6 7. h3 O-O 8. O-O Nbd7 9. a5 Re8 10. Re1 Nf8 11. Ne2 Ng6 12. Ng3 Bf8 13. c3 d5 14. Bb3 Qc7 15. Qc2 Be6 16. d4 exd4 17. Nxd4 dxe4 18. Nxe6 fxe6 19. Nxe4 Nd5 20. Ng3 Ngf4 21. Qe4 Bc5 22. c4 Nxh3+ 23. Kf1 Nxf2 24. Qh4 Rf8 25. Ke2 Nf4+ 26. Bxf4 Rxf4 27. Qh5 Qd6 28. Bc2 Rd8 29. Rad1 Nxd1 30. Rxd1 Rd4 31. Rxd4 Qxd4 32. Ne4 Qe3+ 33. Kf1 Rf8+ 0-1

[Event "GER-ch Rapid Women 2020"]
[Site "Plochingen"]
[Date "2020.09.20"]
[Round "8.5"]
[White "Zeller, Elisa"]
[Black "Birkholz, Olga"]
[Result "1-0"]
[ECO "B06"]
[WhiteElo "1969"]
[BlackElo "2018"]
[Annotator "ChessBase"]
[PlyCount "68"]
[EventDate "2020.09.19"]
[EventType "swiss"]
[EventCountry "GER"]
[SourceTitle "playchess.com"]
[Source "ChessBase"]
[SourceQuality "1"]
[TimeControl "900+10"]

1. e4 d6 2. d4 g6 3. Nf3 Bg7 4. Bc4 e6 5. O-O Ne7 6. Nc3 O-O 7. Bg5 h6 8. Bh4 Nd7 9. Re1 a6 10. a4 Rb8 11. h3 Qe8 12. Qd2 g5 13. Bg3 Ng6 14. e5 d5 15. Bd3 c5 16. dxc5 Nxc5 17. Bf1 b5 18. axb5 axb5 19. b4 Ne4 20. Nxe4 dxe4 21. Rxe4 Bb7 22. Re3 Bxf3 23. gxf3 Qc6 24. Ra5 Rfc8 25. Bd3 Nf4 26. Bxf4 gxf4 27. Re4 Kh8 28. Qxf4 Rg8 29. Kh2 Qb6 30. Re2 Qc6 31. Qxf7 Rbf8 32. Qh5 Qxf3 33. Qxf3 Rxf3 34. Rxb5 Rf4 1-0

[Event "GER-ch Rapid Women 2020"]
[Site "Plochingen"]
[Date "2020.09.20"]
[Round "8.6"]
[White "Stangl, Anita"]
[Black "Kosovska, Olena"]
[Result "1-0"]
[ECO "C59"]
[WhiteElo "2005"]
[BlackElo "1881"]
[Annotator "NA"]
[PlyCount "91"]
[EventDate "2020.09.19"]
[EventType "swiss"]
[EventCountry "GER"]
[SourceTitle "playchess.com"]
[Source "ChessBase"]
[SourceQuality "1"]
[TimeControl "900+10"]

1. e4 e5 2. Nf3 Nc6 3. Bc4 Nf6 4. Ng5 d5 5. exd5 Na5 6. Bb5+ c6 7. dxc6 bxc6 8. Be2 h6 9. Nf3 e4 10. Ne5 Bd6 11. d4 exd3 12. Nxd3 Qc7 13. h3 O-O 14. O-O Rd8 {[%emt 0:00:41] C59: Two Knights: 4 Ng5 d5 5 exd5 Na5 5 Bb5+ c6 6 dxc6 bxc6 7 Be2.} 15. Bf3 {[%emt 0:00:53] [#]} Rb8 $146 ({Predecessor:} 15... Nc4 16. Nd2 Ne5 17. Nxe5 Bxe5 18. Qe2 Rb8 19. Nc4 Bd4 20. c3 Re8 21. Qc2 Bc5 22. Be3 {½-½ (96) Szabo,B (2009)-Ladanyi,G (1972) Budapest 2005}) 16. Bd2 Ba6 17. Bc3 Nd5 18. Bxd5 cxd5 19. Qg4 f5 20. Qxf5 Bb7 (20... Nc4 $16) 21. Ne5 Rf8 22. Qe6+ Kh7 23. Nd7 $18 (23. Bxa5 $142 Qxa5 24. Qxd6) 23... Nc4 24. b3 Nb6 25. Nxb8 Qxb8 26. Nd2 Bc5 27. Nf3 Qd8 28. Nd4 Rf6 29. Qe2 Rg6 30. Kh1 Nd7 31. f4 Ba6 32. Nb5 d4 33. Bb2 ({Not} 33. Bxd4 Bxd4 34. Rad1 Bb6 $14) 33... Qb6 34. a4 Nf6 35. Qd3 Nh5 36. g4 Qc6+ 37. Kh2 Bb7 38. Qd2 a6 39. Nxd4 Bxd4 40. Bxd4 Nf6 41. Bxf6 Rxf6 42. Rf2 Qc7 43. Rd1 Rc6 44. Qd3+ Kg8 45. Qd8+ Kf7 46. Rd7+ 1-0

[Event "GER-ch Rapid Women 2020"]
[Site "Plochingen"]
[Date "2020.09.20"]
[Round "9.2"]
[White "Skibbe, Diana"]
[Black "Muetsch, Annmarie"]
[Result "0-1"]
[ECO "B07"]
[WhiteElo "1991"]
[BlackElo "2226"]
[Annotator "ChessBase"]
[PlyCount "82"]
[EventDate "2020.09.19"]
[EventType "swiss"]
[EventCountry "GER"]
[SourceTitle "playchess.com"]
[Source "ChessBase"]
[SourceQuality "1"]
[TimeControl "900+10"]

1. e4 d6 2. d4 Nf6 3. Nc3 e5 4. dxe5 dxe5 5. Qxd8+ Kxd8 6. Bc4 Bb4 7. Bg5 Ke7 8. Nf3 Nbd7 9. O-O-O c6 10. Ne2 h6 11. Bxf6+ Kxf6 12. Ng3 g6 13. c3 Bc5 14. Rhf1 Nb6 15. Bb3 Be6 16. Nh4 Rad8 17. Rxd8 Rxd8 18. Kc2 Nc4 19. Nf3 b5 20. a4 a6 21. Ne2 g5 22. h3 Rb8 23. Ra1 bxa4 24. Bxc4 Bxc4 25. Nfg1 Bb3+ 26. Kd2 h5 27. g3 g4 28. f4 Bf2 29. fxe5+ Kxe5 30. Nf4 Kxe4 31. Nxh5 Be3+ 32. Ke2 Bc4+ 33. Ke1 Bxg1 34. Rxa4 Rxb2 35. Rxc4+ Kd3 36. Rb4 Rxb4 37. cxb4 gxh3 38. Nf4+ Kc4 39. Nxh3 Bd4 40. Ng5 f6 41. Kd2 fxg5 0-1

[Event "GER-ch Rapid Women 2020"]
[Site "Plochingen"]
[Date "2020.09.20"]
[Round "9.3"]
[White "Voicu-Jagodzinsky, Carmen"]
[Black "Osmanodja, Filiz"]
[Result "1-0"]
[ECO "A37"]
[WhiteElo "2247"]
[BlackElo "2256"]
[Annotator "ChessBase"]
[PlyCount "183"]
[EventDate "2020.09.19"]
[EventType "swiss"]
[EventCountry "GER"]
[SourceTitle "playchess.com"]
[Source "ChessBase"]
[SourceQuality "1"]
[TimeControl "900+10"]

1. Nf3 c5 2. c4 Nc6 3. g3 g6 4. Bg2 Bg7 5. Nc3 e6 6. O-O Nge7 7. e3 d5 8. cxd5 exd5 9. d4 c4 10. b3 cxb3 11. Qxb3 O-O 12. Ba3 Re8 13. Rfc1 a6 14. Bxe7 Nxe7 15. Ne1 Be6 16. Qxb7 Qa5 17. Rab1 Rac8 18. Qb6 Qa3 19. Qb4 Qxb4 20. Rxb4 Rc6 21. Nd3 Rec8 22. Nc5 Bf8 23. N3a4 Nf5 24. Rcb1 Nd6 25. Rb6 Nb5 26. Rxc6 Rxc6 27. Bf1 Na3 28. Rb6 Rxb6 29. Nxb6 a5 30. Bd3 Bd6 31. Kf1 Kf8 32. Ke2 Bc7 33. Nba4 Ke7 34. Kd2 f5 35. Kc3 Bf7 36. Nb2 Be8 37. Ba6 Nb5+ 38. Kb3 Nd6 39. Nbd3 Ne4 40. Bb7 Kd6 41. Ba6 Nd2+ 42. Kc2 Nf3 43. h4 h6 44. Nc1 g5 45. hxg5 hxg5 46. Be2 Ng1 47. Bd3 Nh3 48. f4 Bg6 49. N1b3 Nf2 50. Nb7+ Ke7 51. N7xa5 Kf6 52. Nc6 Nh1 53. Ne5 Nxg3 54. fxg5+ Kxg5 55. a4 Be8 56. a5 Bb8 57. Nd2 Ba4+ 58. Kc3 Ne4+ 59. Nxe4+ fxe4 60. Be2 Kf6 61. Kb4 Be8 62. Kc5 Ke6 63. Bg4+ Ke7 64. Kxd5 Bb5 65. Kxe4 Bc7 66. Kd5 Bxa5 67. e4 Bb6 68. Ng6+ Kf7 69. Nf4 Ke7 70. e5 Ba4 71. Be2 Bb3+ 72. Bc4 Bc2 73. Ne2 Bd1 74. Ng1 Bg4 75. Be2 Bf5 76. Bf3 Bc8 77. Ke4 Bb7+ 78. Ke3 Ba6 79. Nh3 Ke6 80. Nf4+ Kd7 81. Bd5 Bf1 82. Ke4 Ba7 83. Be6+ Ke7 84. d5 Bc5 85. Ng6+ Kd8 86. d6 Bg2+ 87. Kf5 Bf1 88. Kf6 Bf2 89. Nh8 Bh4+ 90. Kf7 Bg3 91. Kf8 Bxe5 92. Nf7# 1-0

[Event "GER-ch Rapid Women 2020"]
[Site "Plochingen"]
[Date "2020.09.20"]
[Round "9.4"]
[White "Gheng, Simona"]
[Black "Frey, Alisa"]
[Result "1-0"]
[ECO "C87"]
[WhiteElo "2014"]
[BlackElo "2087"]
[Annotator "NA"]
[PlyCount "87"]
[EventDate "2020.09.19"]
[EventType "swiss"]
[EventCountry "GER"]
[SourceTitle "playchess.com"]
[Source "ChessBase"]
[SourceQuality "1"]
[TimeControl "900+10"]

1. e4 e5 2. Nf3 Nc6 3. Bb5 a6 4. Ba4 Nf6 5. d3 Be7 6. c3 d6 7. O-O b5 8. Bc2 Bg4 9. Re1 O-O 10. Nbd2 Nb8 11. Nf1 Nbd7 12. Ng3 h6 13. h3 Be6 14. Nf5 Re8 15. Bb3 Nh7 16. Bxe6 fxe6 17. Nxe7+ Qxe7 18. Nh2 Rf8 19. Qg4 Nc5 20. Re3 Rf4 21. Qg6 Rf6 22. Qg3 Raf8 23. b4 Nd7 24. Rf3 Kh8 25. Be3 Qe8 26. Rxf6 Ndxf6 27. f3 Nh5 28. Qe1 Nf4 29. Bxf4 exf4 30. Ng4 Qg6 31. Qh4 Ng5 32. Kh1 Kg8 33. a4 h5 34. Nf2 Qf6 35. axb5 axb5 36. Qxh5 Qxc3 37. Rd1 Qc2 38. Qxg5 Qxf2 39. Qxb5 Qe2 40. Rc1 Ra8 41. Qc4 Ra2 42. Qxe6+ Kh8 43. Qg4 Qxd3 44. Rxc7 1-0

[Event "GER-ch Rapid Women 2020"]
[Site "Plochingen"]
[Date "2020.09.20"]
[Round "9.5"]
[White "Papp, Sarah"]
[Black "Burchardt, Brigitte"]
[Result "1-0"]
[ECO "B20"]
[WhiteElo "2327"]
[BlackElo "2113"]
[Annotator "ChessBase"]
[PlyCount "75"]
[EventDate "2020.09.19"]
[EventType "swiss"]
[EventCountry "GER"]
[SourceTitle "playchess.com"]
[Source "ChessBase"]
[SourceQuality "1"]
[TimeControl "900+10"]

1. e4 c5 2. d3 Nc6 3. g3 g6 4. Bg2 Bg7 5. f4 d6 6. Nf3 e6 7. O-O Nge7 8. c3 O-O 9. Be3 b6 10. Bf2 Bb7 11. Nbd2 d5 12. e5 Ba6 13. Nb3 Rc8 14. Re1 Qd7 15. Nc1 Rfd8 16. g4 Qc7 17. Ne2 d4 18. c4 Bb7 19. Ng3 Nb8 20. Ne4 Bxe4 21. Rxe4 Nbc6 22. Bh4 Re8 23. Bf6 Rb8 24. a3 b5 25. Nd2 a6 26. Qe1 Kh8 27. Qh4 Ng8 28. Bxg7+ Kxg7 29. Rf1 f5 30. exf6+ Nxf6 31. Re2 bxc4 32. Nxc4 Nd5 33. f5 exf5 34. Rxe8 Rxe8 35. Bxd5 Ne5 36. gxf5 Qd7 37. f6+ Kf8 38. Qh6+ 1-0

[Event "GER-ch Rapid Women 2020"]
[Site "Plochingen"]
[Date "2020.09.20"]
[Round "9.6"]
[White "Birkholz, Olga"]
[Black "Stangl, Anita"]
[Result "1-0"]
[ECO "D00"]
[WhiteElo "2018"]
[BlackElo "2005"]
[Annotator "NA"]
[PlyCount "75"]
[EventDate "2020.09.19"]
[EventType "swiss"]
[EventCountry "GER"]
[SourceTitle "playchess.com"]
[Source "ChessBase"]
[SourceQuality "1"]
[TimeControl "900+10"]

1. d4 e6 2. Nc3 d5 3. Bf4 c6 4. e3 Nf6 5. Bd3 Qb6 6. Rb1 c5 7. dxc5 Bxc5 8. Nb5 Na6 9. c3 O-O 10. Nf3 Be7 11. b4 Bd7 12. a4 Rfc8 13. O-O Bxb5 14. axb5 Nc7 15. Qe2 Bd6 16. Ne5 Nce8 17. c4 Qc7 18. Qb2 dxc4 19. Nxc4 Bxf4 20. exf4 Qxf4 21. b6 Rxc4 22. Bxc4 Qxc4 23. bxa7 Rxa7 24. Rbc1 Qb5 25. Rc8 Ra4 26. Rb1 h6 27. h3 Kh7 28. Rc5 Qb6 29. Qc2+ g6 30. Qxa4 Nd6 31. Qa5 Qxa5 32. bxa5 Nfe4 33. Rc7 Nd2 34. Rb2 N2e4 35. f3 Ng3 36. Kf2 Ngf5 37. Rd7 Kg7 38. g4 1-0